TOP OF THE 1ST |
Iowa Hawkeyes batting - Pitching for Butler Bulldogs : LHP Dan Hashbarger
|
Pitching: LHP Dan Hashbarger
|
|
Batting: LHB José Gonzáles
|
0-0: Ground out 6-3 (Groundball, 6)
|
Batting: LHB Fletcher White
|
0-0: Ball 1-0: Fly out, F8 (Flyball, 8LD)
|
Batting: RHB Jim Sharry
|
0-0: Ball 1-0: Foul Ball, location: 2F 1-1: Ball 2-1: Called Strike 2-2: Strikes out swinging
|
Top of the 1st over - 0 runs, 0 hits, 0 errors, 0 left on base; Iowa 0 - Butler 0 |
BOTTOM OF THE 1ST |
Butler Bulldogs batting - Pitching for Iowa Hawkeyes : RHP Paul Smith
|
Pitching: RHP Paul Smith
|
|
Batting: LHB Alex Kelly
|
0-0: Ground out 4-3 (Groundball, 4)
|
Batting: RHB Benjamin Monroe
|
0-0: Swinging Strike 0-1: Ball 1-1: SINGLE (Groundball, 6MS) (infield hit)
|
Batting: RHB Patrice Charette
|
0-0: Ball 1-0: Ball 2-0: Fielders Choice at 2nd, 6-4 (Groundball, 56)
|
Batting: LHB Bill O'Higgins
|
0-0: Called Strike 0-1: Called Strike 0-2: Strikes out swinging
|
Bottom of the 1st over - 0 runs, 1 hit, 0 errors, 1 left on base; Iowa 0 - Butler 0 |
TOP OF THE 2ND |
Iowa Hawkeyes batting - Pitching for Butler Bulldogs : LHP Dan Hashbarger
|
Batting: RHB Jim Jones
|
0-0: Ball 1-0: Ball 2-0: Swinging Strike 2-1: Ball 3-1: Foul Ball, location: 2F 3-2: Base on Balls
|
Batting: LHB Allen Lee
|
0-0: Called Strike 0-1: Ball 1-1: Ball 2-1: Ball 3-1: SINGLE (Line Drive, 78M) Jim Jones to second
|
Batting: LHB Jesús Torres
|
0-0: Ball 1-0: Swinging Strike 1-1: Ball 2-1: Called Strike 2-2: Foul Ball, location: 2F 2-2: Foul Ball, location: 2F 2-2: Strikes out swinging
|
Batting: RHB John Phillips
|
0-0: Ball 1-0: Foul Ball, location: 2F 1-1: Ball 2-1: Grounds into double play, 6-4-3 (Groundball, 6)
|
Top of the 2nd over - 0 runs, 1 hit, 0 errors, 1 left on base; Iowa 0 - Butler 0 |
BOTTOM OF THE 2ND |
Butler Bulldogs batting - Pitching for Iowa Hawkeyes : RHP Paul Smith
|
Batting: RHB Nelson Thompson
|
0-0: Ball 1-0: Fly out, F3 (Popup, 3SF)
|
Batting: RHB Bobby Coleman
|
0-0: Swinging Strike 0-1: Ball 1-1: Foul Ball, location: 2F 1-2: Foul Ball, location: 2F 1-2: Ball 2-2: Foul Ball, location: 2F 2-2: SINGLE (Flyball, 89M)
|
Batting: RHB Jorge Solís
|
0-0: Swinging Strike 0-1: Swinging Strike 0-2: Ball 1-2: Strikes out looking
|
Batting: RHB Kenny Lowe
|
0-0: Foul Ball, location: 2F 0-1: Ball 1-1: Ball 2-1: Ball 3-1: Base on Balls Bobby Coleman to second
|
Batting: RHB Danny Giles
|
0-0: Ball 1-0: Fly out, F4 (Line Drive, 4)
|
Bottom of the 2nd over - 0 runs, 1 hit, 0 errors, 2 left on base; Iowa 0 - Butler 0 |
TOP OF THE 3RD |
Iowa Hawkeyes batting - Pitching for Butler Bulldogs : LHP Dan Hashbarger
|
Batting: RHB Jack Black
|
0-0: Called Strike 0-1: Ball 1-1: Ground out 4-3 (Groundball, 4M)
|
Batting: RHB Dan Perkins
|
0-0: Ball 1-0: Ball 2-0: Foul Ball, location: 2F 2-1: Called Strike 2-2: Reached on error, E5 (Groundball, 5L)
|
Batting: LHB José Gonzáles
|
0-0: Called Strike 0-1: Ball 1-1: Ball 2-1: Fly out, F7 (Flyball, 78D)
|
Batting: LHB Fletcher White
|
0-0: Called Strike Dan Perkins is caught stealing 2nd base
|
Top of the 3rd over - 0 runs, 0 hits, 1 error, 0 left on base; Iowa 0 - Butler 0 |
BOTTOM OF THE 3RD |
Butler Bulldogs batting - Pitching for Iowa Hawkeyes : RHP P.J. Pittman
|
Pitching: RHP P.J. Pittman
|
|
Batting: LHB Alex Kelly
|
0-0: Ball 1-0: Ball 2-0: Ball 3-0: Called Strike 3-1: Base on Balls
|
Batting: RHB Benjamin Monroe
|
0-0: Called Strike Alex Kelly steals 2nd base 0-1: Ball 1-1: Ball 2-1: Swinging Strike 2-2: Ball 3-2: Strikes out swinging
|
Batting: RHB Patrice Charette
|
0-0: Ball 1-0: Ball 2-0: Swinging Strike 2-1: Ball 3-1: Base on Balls
|
Batting: LHB Bill O'Higgins
|
0-0: Called Strike 0-1: Ball 1-1: Called Strike 1-2: Ball 2-2: Foul Ball, location: 2F 2-2: Foul Ball, location: 2F 2-2: Ball 3-2: Foul Ball, location: 2F 3-2: Fly out, F9 (Flyball, 9S)
|
Batting: RHB Nelson Thompson
|
0-0: Called Strike 0-1: Ball 1-1: Ball 2-1: Ball 3-1: Called Strike 3-2: Base on Balls Alex Kelly to third Patrice Charette to second
|
Batting: RHB Bobby Coleman
|
0-0: Ball 1-0: Called Strike 1-1: Foul Ball, location: 2F 1-2: Strikes out looking
|
Bottom of the 3rd over - 0 runs, 0 hits, 0 errors, 3 left on base; Iowa 0 - Butler 0 |
TOP OF THE 4TH |
Iowa Hawkeyes batting - Pitching for Butler Bulldogs : LHP Dan Hashbarger
|
Batting: LHB Fletcher White
|
0-0: Ground out U3 (Groundball, 34S)
|
Batting: RHB Jim Sharry
|
0-0: Ball 1-0: Ground out 6-3 (Groundball, 6D)
|
Batting: RHB Jim Jones
|
0-0: SINGLE (Groundball, 6MD)
|
Batting: LHB Allen Lee
|
0-0: Called Strike 0-1: Ball 1-1: Foul Ball, location: 2F 1-2: Foul Ball, location: 2F 1-2: SINGLE (Flyball, 78S) Jim Jones to second
|
Batting: LHB Jesús Torres
|
0-0: Ball 1-0: Called Strike 1-1: Ball 2-1: Foul Ball, location: 2F 2-2: Foul Ball, location: 2F 2-2: Ball 3-2: SINGLE (Groundball, 4MD) Jim Jones to third Allen Lee to second Jim Jones scores Allen Lee to third
|
Batting: RHB John Phillips
|
0-0: Ball 1-0: Called Strike 1-1: Swinging Strike 1-2: Foul Ball, location: 2F 1-2: Strikes out swinging
|
Top of the 4th over - 1 run, 3 hits, 0 errors, 2 left on base; Iowa 1 - Butler 0 |
BOTTOM OF THE 4TH |
Butler Bulldogs batting - Pitching for Iowa Hawkeyes : RHP P.J. Pittman
|
Batting: RHB Jorge Solís
|
0-0: Ball 1-0: Called Strike 1-1: Ball 2-1: Ball 3-1: Swinging Strike 3-2: Foul Ball, location: 2F 3-2: Base on Balls
|
Batting: RHB Kenny Lowe
|
0-0: Called Strike 0-1: Ball 1-1: Ball 2-1: Fly out, F6 (Popup, 6)
|
Batting: RHB Danny Giles
|
0-0: Ball Wild Pitch! Jorge Solís to second 1-0: Ball 2-0: Ball 3-0: Called Strike 3-1: Foul Ball, location: 2F 3-2: Strikes out swinging
|
Batting: LHB Alex Kelly
|
0-0: Called Strike 0-1: Called Strike 0-2: Ball 1-2: Ball 2-2: Ball 3-2: Base on Balls
|
Pitching: RHP Wes Jordan
|
|
Batting: RHB Benjamin Monroe
|
0-0: SINGLE (Groundball, 56D) Jorge Solís to third Alex Kelly to second Runner from 3rd tries for Home, SAFE, throw made home
|
Batting: RHB Patrice Charette
|
0-0: Ball 1-0: Fly out, F6 (Line Drive, 6MS)
|
Bottom of the 4th over - 1 run, 1 hit, 0 errors, 2 left on base; Iowa 1 - Butler 1 |
TOP OF THE 5TH |
Iowa Hawkeyes batting - Pitching for Butler Bulldogs : LHP Dan Hashbarger
|
Batting: RHB Jack Black
|
0-0: Ball 1-0: Called Strike 1-1: Called Strike 1-2: Ball 2-2: Ground out 3-1 (Groundball, 34S)
|
Batting: RHB Dan Perkins
|
0-0: Ball 1-0: Called Strike 1-1: Called Strike 1-2: Ball 2-2: Foul Ball, location: 2F 2-2: Ball 3-2: Base on Balls
|
Batting: LHB José Gonzáles
|
0-0: Called Strike Dan Perkins is caught stealing 2nd base 0-1: Ground out 6-3 (Groundball, 6)
|
Top of the 5th over - 0 runs, 0 hits, 0 errors, 0 left on base; Iowa 1 - Butler 1 |
BOTTOM OF THE 5TH |
Butler Bulldogs batting - Pitching for Iowa Hawkeyes : RHP Wes Jordan
|
Batting: LHB Bill O'Higgins
|
0-0: Foul Ball, location: 2F 0-1: Foul Ball, location: 2F 0-2: Ball 1-2: Fly out, F7 (Flyball, 78M)
|
Batting: RHB Nelson Thompson
|
0-0: Called Strike 0-1: Ball 1-1: Ball 2-1: Ball 3-1: Called Strike 3-2: Foul Ball, location: 2F 3-2: SINGLE (Line Drive, 5D)
|
Batting: RHB Bobby Coleman
|
0-0: Ball 1-0: Foul Ball, location: 2F 1-1: Ball 2-1: Grounds into double play, 5-4-3 (Groundball, 56)
|
Bottom of the 5th over - 0 runs, 1 hit, 0 errors, 0 left on base; Iowa 1 - Butler 1 |
TOP OF THE 6TH |
Iowa Hawkeyes batting - Pitching for Butler Bulldogs : LHP Dan Hashbarger
|
Batting: LHB Fletcher White
|
0-0: Called Strike 0-1: Ball 1-1: Called Strike 1-2: Ball 2-2: Ball 3-2: Strikes out swinging
|
Pitching: RHP William Valdéz
|
|
Batting: RHB Jim Sharry
|
0-0: Ball 1-0: Foul Ball, location: 2F 1-1: Called Strike 1-2: Ball 2-2: Ball 3-2: Fly out, F7 (Line Drive, 7)
|
Batting: RHB Jim Jones
|
0-0: Called Strike 0-1: Foul Ball, location: 2F 0-2: Foul Ball, location: 2F 0-2: Fly out, F3 (Popup, 34S)
|
Top of the 6th over - 0 runs, 0 hits, 0 errors, 0 left on base; Iowa 1 - Butler 1 |
BOTTOM OF THE 6TH |
Butler Bulldogs batting - Pitching for Iowa Hawkeyes : RHP Wes Jordan
|
Batting: RHB Jorge Solís
|
0-0: Ball 1-0: Called Strike 1-1: Ground out 4-3 (Groundball, 4D)
|
Batting: RHB Kenny Lowe
|
0-0: Ball 1-0: Swinging Strike 1-1: Ball 2-1: Foul Ball, location: 2F 2-2: Strikes out swinging
|
Batting: RHB Danny Giles
|
0-0: Foul Ball, location: 2F 0-1: Ball 1-1: Ball 2-1: Ball 3-1: DOUBLE (Flyball, 8RD)
|
Batting: LHB Alex Kelly
|
0-0: Intentional Walk
|
Batting: RHB Benjamin Monroe
|
0-0: Ball 1-0: Swinging Strike 1-1: Fly out, F3 (Popup, 3SF)
|
Bottom of the 6th over - 0 runs, 1 hit, 0 errors, 2 left on base; Iowa 1 - Butler 1 |
TOP OF THE 7TH |
Iowa Hawkeyes batting - Pitching for Butler Bulldogs : RHP William Valdéz
|
Batting: LHB Allen Lee
|
0-0: Ball 1-0: Fly out, F5 (Popup, 5S)
|
Batting: LHB Jesús Torres
|
0-0: Foul Ball, location: 2F 0-1: Ball 1-1: Swinging Strike 1-2: Ball 2-2: Foul Ball, location: 2F 2-2: Foul Ball, location: 2F 2-2: Strikes out swinging
|
Batting: RHB John Phillips
|
0-0: Ball 1-0: Swinging Strike 1-1: Ball 2-1: Foul Ball, location: 2F 2-2: Ball 3-2: Hit by Pitch
|
Batting: RHB Jack Black
|
0-0: Ball 1-0: SINGLE (Groundball, 34D) John Phillips to second Runner from 2nd tries for 3rd, SAFE, throw made to third
|
Batting: RHB Dan Perkins
|
0-0: Ball 1-0: Ground out 6-3 (Groundball, 6M)
|
Top of the 7th over - 0 runs, 1 hit, 0 errors, 2 left on base; Iowa 1 - Butler 1 |
BOTTOM OF THE 7TH |
Butler Bulldogs batting - Pitching for Iowa Hawkeyes : RHP Wes Jordan
|
Batting: RHB Patrice Charette
|
0-0: Ball 1-0: SOLO HOME RUN (Flyball, 7LD), Distance : 351 ft
|
Batting: LHB Bill O'Higgins
|
0-0: Called Strike 0-1: Ball 1-1: Foul Ball, location: 2F 1-2: Ball 2-2: Strikes out looking
|
Batting: RHB Nelson Thompson
|
0-0: Called Strike 0-1: Ball 1-1: Reached on error, E6 (Flyball, 6MD)
|
Batting: RHB Bobby Coleman
|
0-0: Called Strike 0-1: Ball 1-1: Called Strike 1-2: Ball 2-2: Fly out, F8 (Flyball, 8RS)
|
Batting: RHB Jorge Solís
|
0-0: Ball 1-0: Ball 2-0: Foul Ball, location: 2F 2-1: 2-RUN HOME RUN (Flyball, 7D), Distance : 374 ft
|
Pitching: RHP António Rodríguez
|
|
Batting: RHB Kenny Lowe
|
0-0: Foul Ball, location: 2F 0-1: SINGLE (Line Drive, 8LS)
|
Batting: RHB Danny Giles
|
0-0: Foul Ball, location: 2F 0-1: Ball 1-1: Foul Ball, location: 2F 1-2: Ball 2-2: Strikes out looking
|
Bottom of the 7th over - 3 runs, 3 hits, 1 error, 1 left on base; Iowa 1 - Butler 4 |
TOP OF THE 8TH |
Iowa Hawkeyes batting - Pitching for Butler Bulldogs : RHP William Valdéz
|
Batting: LHB José Gonzáles
|
0-0: Ball 1-0: Called Strike 1-1: Ball 2-1: Ball 3-1: Foul Ball, location: 2F 3-2: Base on Balls
|
Batting: LHB Fletcher White
|
0-0: Ball 1-0: Ball 2-0: Ball 3-0: Called Strike 3-1: Base on Balls José Gonzáles to second
|
Batting: RHB Jim Sharry
|
0-0: Called Strike 0-1: Ball 1-1: Foul Ball, location: 2F 1-2: Strikes out swinging
|
Batting: RHB Jim Jones
|
0-0: Called Strike 0-1: Ball 1-1: SINGLE (Line Drive, 9S) José Gonzáles to third Fletcher White to second Runner from 3rd tries for Home, SAFE, no throw
|
Pitching: RHP Mario Bruno
|
|
Batting: LHB Allen Lee
|
0-0: Ball 1-0: Foul Ball, location: 2F 1-1: Foul Ball, location: 2F 1-2: Foul Ball, location: 2F 1-2: Ball 2-2: Ball 3-2: SINGLE (Line Drive, 56D) Fletcher White to third Jim Jones to second
|
Pitching: LHP Martín Aragón
|
|
Batting: LHB Jesús Torres
|
0-0: Ball 1-0: Fly out, F9 (Flyball, 9LM) Runner from 3rd tags up, SCORES, throw made
|
Now in RF: Stephen Arnold
|
|
Batting: RHB John Phillips
|
0-0: Ball 1-0: 3-RUN HOME RUN (Flyball, 7LD), Distance : 345 ft
|
Batting: RHB Jack Black
|
0-0: Ball 1-0: Ball 2-0: Swinging Strike 2-1: Fly out, F7 (Flyball, 7)
|
Top of the 8th over - 5 runs, 3 hits, 0 errors, 0 left on base; Iowa 6 - Butler 4 |
BOTTOM OF THE 8TH |
Butler Bulldogs batting - Pitching for Iowa Hawkeyes : RHP António Rodríguez
|
Batting: LHB Alex Kelly
|
0-0: Ball 1-0: Ball 2-0: Ball 3-0: Called Strike 3-1: Base on Balls
|
Batting: RHB Benjamin Monroe
|
0-0: Ball 1-0: Foul Ball, location: 2F 1-1: Swinging Strike 1-2: Foul Ball, location: 2F 1-2: Strikes out swinging
|
Batting: RHB Patrice Charette
|
0-0: Called Strike 0-1: Ball 1-1: Ball 2-1: Fly out, F7 (Flyball, 7)
|
Batting: LHB Stephen Arnold
|
0-0: Swinging Strike 0-1: DOUBLE (Line Drive, 89D) Alex Kelly to third
|
Batting: RHB Nelson Thompson
|
0-0: Called Strike 0-1: Ball 1-1: Ball 2-1: Ball 3-1: Foul Ball, location: 2F 3-2: Base on Balls
|
Batting: RHB Bobby Coleman
|
0-0: Called Strike 0-1: Swinging Strike 0-2: Ball 1-2: Ball 2-2: Fielders Choice at 2nd, 5-4 (Groundball, 56)
|
Bottom of the 8th over - 0 runs, 1 hit, 0 errors, 3 left on base; Iowa 6 - Butler 4 |
TOP OF THE 9TH |
Iowa Hawkeyes batting - Pitching for Butler Bulldogs : LHP Martín Aragón
|
Pitching: RHP Bartolo Carr
|
|
Batting: RHB Dan Perkins
|
0-0: Ball 1-0: Foul Ball, location: 2F 1-1: Ball 2-1: Hit by Pitch
|
Batting: LHB José Gonzáles
|
0-0: Bunted foul 0-1: Sac Bunt - play at first, batter OUT! 1-4 Dan Perkins to second
|
Batting: LHB Fletcher White
|
0-0: Foul Ball, location: 2F 0-1: Foul Ball, location: 2F 0-2: Ball 1-2: Ball 2-2: Foul Ball, location: 2F 2-2: Ground out 1-3 (Groundball, 13) Dan Perkins to third
|
Batting: RHB Jim Sharry
|
0-0: Ball 1-0: Ball 2-0: Called Strike 2-1: Ball 3-1: Base on Balls
|
Batting: RHB Jim Jones
|
0-0: Ball 1-0: Called Strike 1-1: Ball 2-1: Ball 3-1: Called Strike 3-2: Foul Ball, location: 2F 3-2: Foul Ball, location: 2F 3-2: Foul Ball, location: 2F 3-2: Base on Balls Jim Sharry to second
|
Batting: LHB Allen Lee
|
0-0: Ball 1-0: Foul Ball, location: 2F 1-1: DOUBLE (Line Drive, 7LM) Dan Perkins scores Jim Sharry scores Jim Jones to third Runner from 3rd tries for Home, SAFE, no throw
|
Batting: LHB Jesús Torres
|
0-0: Swinging Strike 0-1: Ground out 1-3 (Groundball, 15S)
|
Top of the 9th over - 3 runs, 1 hit, 0 errors, 1 left on base; Iowa 9 - Butler 4 |
BOTTOM OF THE 9TH |
Butler Bulldogs batting - Pitching for Iowa Hawkeyes : RHP António Rodríguez
|
Batting: RHB Jorge Solís
|
0-0: Fly out, F9 (Flyball, 9S)
|
Batting: RHB Kenny Lowe
|
0-0: Ground out 6-3 (Groundball, 6S)
|
Batting: RHB Danny Giles
|
0-0: Ball 1-0: Swinging Strike 1-1: Foul Ball, location: 2F 1-2: Strikes out swinging, 2-3 out at first.
|
Bottom of the 9th over - 0 runs, 0 hits, 0 errors, 0 left on base; Iowa 9 - Butler 4 |
|